Get step-by-step instructions on how to execute this build order below. Start the game timer, and the build order will tick by so you can play in parallel with StarCraft on a second screen or mobile device.

Game Time

  0:00

Last Step

  N/A

Next Step

  12  0:01  SCV  

Upcoming Step

  13  0:13  SCV  

Don't want to look back and forth between 2 screens? Try out our Overwolf App, the Spawning Tool Build Advisor to get an in-game overlay with this build!

Complete Build Order

  12  0:01  SCV  
  13  0:13  SCV  
  14  0:18  Supply Depot  
  14  0:25  SCV  
  15  0:39  SCV  
  15  0:40  Barracks  
  16  0:44  Refinery  
  16  0:51  SCV  
  17  1:04  SCV  
  18  1:16  SCV  
  19  1:28  Reaper  
  19  1:29  Orbital Command  
  20  1:49  Command Center  
  20  1:55  SCV  
  20  1:58  Supply Depot  
  21  2:01  Barracks Reactor  
  21  2:08  SCV  
  22  2:16  Barracks  
  22  2:20  Barracks  
  22  2:23  SCV  
  23  2:30  Supply Depot  
  22  2:38  Marine x2, SCV  
  25  2:50  SCV  
  26  2:56  Refinery, Marine x2  
  28  3:02  SCV  
  28  3:04  Barracks Tech Lab  
  28  3:05  Orbital Command  
  29  3:08  Marine  
  30  3:13  Bunker  
  30  3:15  SCV  
  30  3:19  Marine x2  
  33  3:25  Stimpack  
  33  3:27  Marine  
  33  3:28  Marine  
  33  3:31  SCV  
  33  3:33  SCV  
  37  3:44  Factory, SCV  
  37  3:48  SCV  
  39  3:55  Marine x4  
  40  3:57  SCV  
  40  4:00  SCV  
  45  4:09  SCV  
  46  4:12  SCV  
  46  4:14  Command Center  
  47  4:19  Supply Depot  
  47  4:20  Barracks Reactor  
  47  4:22  SCV  
  48  4:27  Marine x3  
  48  4:28  SCV  
  52  4:33  Starport  
  52  4:36  Factory Reactor  
  52  4:40  SCV  
  52  4:41  SCV  
  52  4:45  Supply Depot  
  54  4:50  Engineering Bay  
  54  4:51  Engineering Bay  
  55  4:52  SCV  
  55  4:54  SCV  
  55  4:57  Marine x4  
  55  4:59  Marine  
  61  5:04  SCV  
  61  5:06  Refinery x2  
  62  5:15  SCV  
  62  5:17  SCV  
  62  5:18  Supply Depot  
  64  5:21  Terran Infantry Armor Level 1, Terran Infantry Weapons Level 1  
  64  5:27  SCV, Orbital Command  
  64  5:28  Factory Tech Lab  
  65  5:32  Medivac  
  65  5:33  Medivac  
  69  5:38  SCV  
  69  5:39  SCV  
  69  5:42  Combat Shield  
  71  5:51  Supply Depot  
  71  5:52  Siege Tank  
  71  5:56  SCV x2, Orbital Command  
  76  5:58  Marine x4  
  76  6:03  Marine  
  81  6:09  SCV  
  81  6:10  SCV  
  83  6:11  Supply Depot  
  83  6:15  Medivac x2  
  87  6:21  SCV  
  88  6:28  Barracks  
  88  6:29  Barracks  
  88  6:34  Marine  
  82  6:40  Marine  
  82  6:41  Marine  
  82  6:46  Siege Tank  
  80  6:47  Marine x2  
  80  6:48  SCV x3  
  80  6:51  Armory  
  80  6:52  Factory, Marine, Supply Depot  
  86  6:56  Refinery  
  86  6:57  Refinery  
  86  6:58  Marine x2  
  86  7:00  SCV x2  
  88  7:04  Marine  
  88  7:05  Marine, SCV  
  88  7:06  Sensor Tower  
  91  7:09  Marine  
  91  7:15  SCV x2  
  94  7:16  Marine x2  
  94  7:17  Missile Turret x2  
  94  7:19  Missile Turret, Supply Depot  
  94  7:22  Marine, Barracks Reactor x2  
  96  7:23  Marine  
  96  7:25  SCV  
  96  7:27  Marine, SCV  
  101  7:37  Siege Tank  
  101  7:38  Factory Tech Lab  
  101  7:39  Terran Infantry Weapons Level 2  
  101  7:41  Terran Infantry Armor Level 2  
  104  7:44  Supply Depot, SCV x2  
  104  7:45  Supply Depot  
  104  7:47  SCV  
  104  7:50  Marine x4  
  111  7:56  SCV  
  111  7:57  Marine  
  113  7:58  Siege Tank  
  113  7:59  SCV  
  113  8:00  SCV  
  105  8:20  Marine x4  
  105  8:24  Marine  
  105  8:25  Marine x4  
  108  8:34  Siege Tank x2  
  108  8:38  Barracks  
  108  8:39  Barracks, Supply Depot  
  105  8:42  Marine  
  105  8:44  SCV x2  
  105  8:45  Marine x2  
  105  8:46  Marine x3  
  113  8:49  Medivac x2  
  113  8:51  Marine x3, Concussive Shells  
  113  8:55  SCV  
  117  8:57  SCV  
  117  9:00  Marine, Command Center  
  119  9:03  Marine  
  119  9:05  Marine x4  
  119  9:06  Siege Tank x2  
  119  9:09  Marine, SCV x2, Marauder  
  135  9:20  Marine x2  
  135  9:21  Marine  
  138  9:25  Medivac x2  
  138  9:27  Marine x2  
  144  9:38  Marauder, Siege Tank, Barracks Tech Lab x2  
  149  9:45  Supply Depot x3  
  149  9:49  Sensor Tower  
  149  10:06  Marine x11